 Dungeon Crawl Stone Soup version 0.29-a0-67-g1d65ae1bb4 (webtiles) character file.

Game seed: 8937062595201980126

98 Gargoyl the Skirmisher (level 4, -2/41 HPs)
             Began as a Gnoll Abyssal Knight on Feb 3, 2022.
             Was a Believer of Lugonu.
             Slain by Grinder (5 damage)
             ... while paralysed by Grinder
             ... on level 3 of the Dungeon.
             The game lasted 00:03:28 (2150 turns).

Gargoyl the Skirmisher (Gnoll Abyssal Knight)       Turns: 2150, Time: 00:03:28

Health: -2/41      AC:  9    Str: 14    XL:     4   Next: 71%
Magic:  7/7        EV:  2    Int:  9    God:    Lugonu [**....]
Gold:   91         SH:  0    Dex: 19    Spells: 5/5 levels left

rFire   . . .      SeeInvis .   a - +2 hand axe
rCold   . . .      Faith    .   (no shield)
rNeg    . . .      Spirit   .   i - +0 chain mail
rPois   .          Reflect  .   (no helmet)
rElec   .          Harm     .   (no cloak)
rCorr   .          Rampage  .   (no gloves)
Will    .....                   (no boots)
Stlth   ..........              (no amulet)
HPRegen 0.13/turn               c - +6 ring of dexterity
MPRegen 0.10/turn               h - ring of flight

@: paralysed, flying
A: fangs 1, strong nose, distributed training
a: Renounce Religion, Depart the Abyss, Bend Space


You were on level 3 of the Dungeon.
You worshipped Lugonu.
Lugonu was pleased with you.
You visited 1 branch of the dungeon, and saw 3 of its levels.
You visited the Abyss 1 time.

You collected 91 gold pieces.

Inventory:

Hand Weapons
 a - a +2 hand axe (weapon)
Missiles
 f - 6 poisoned darts (quivered)
Armour
 i - a +0 chain mail (worn)
Jewellery
 c - a +6 ring of dexterity (left hand)
 h - a ring of flight (right hand)
Scrolls
 e - 2 scrolls of teleportation


   Skills:
 + Level 6.6 Fighting
 + Level 1.2 Short Blades
 + Level 1.2 Long Blades
 + Level 4.7 Axes
 + Level 1.2 Maces & Flails
 + Level 1.2 Polearms
 + Level 1.2 Staves
 + Level 1.2 Slings
 + Level 1.2 Bows
 + Level 1.2 Crossbows
 + Level 1.2 Throwing
 + Level 4.7 Armour
 + Level 2.8 Dodging
 + Level 1.2 Stealth
 + Level 1.2 Shields
 + Level 1.2 Unarmed Combat
 + Level 1.2 Spellcasting
 + Level 1.0 Conjurations
 + Level 1.0 Hexes
 + Level 1.0 Summonings
 + Level 1.0 Necromancy
 + Level 1.0 Translocations
 + Level 1.0 Transmutations
 + Level 1.0 Fire Magic
 + Level 1.0 Ice Magic
 + Level 1.0 Air Magic
 + Level 1.0 Earth Magic
 + Level 1.0 Poison Magic
 + Level 4.7 Invocations
 + Level 1.2 Evocations


You had 5 spell levels left.
You didn't know any spells.
Your spell library was empty.

Dungeon Overview and Level Annotations

Branches:
Dungeon (3/15)

Altars:

Annotations:
D:3 Grinder


Innate Abilities, Weirdness & Mutations

You have very sharp teeth.
Your uncanny sense of smell can sniff out nearby items.
Your experience applies equally to all skills.


Message History

It was a potion of ambrosia.
You are confused.
You feel invigorated. Grinder hits you.
You writhe in agony.
* * * LOW HITPOINT WARNING * * *
You hit Grinder.
Grinder is lightly wounded.
Grinder hits you.
You writhe in agony.
* * * LOW HITPOINT WARNING * * *
You bump into the rock wall.
You feel less invigorated.
You feel less confused. Grinder hits you but does no damage.
You barely miss Grinder.
Grinder is lightly wounded.
Grinder gestures at you.
You suddenly lose the ability to move!
Grinder hits you.
* * * LOW HITPOINT WARNING * * *
You writhe in agony.
* * * LOW HITPOINT WARNING * * *
Grinder gestures at you. Pain shoots through your body!
* * * LOW HITPOINT WARNING * * *
Grinder hits you.
* * * LOW HITPOINT WARNING * * *
Grinder gestures at you.
You barely resist.
You can move again.
Grinder gestures at you.
You barely resist.
Throw: 7 darts (poison)
Press: ? - help, Q - select action, (/) - cycle Shift-Dir - straight line, f/p - Grinder
Aim: Grinder (lightly wounded, 61% to hit)
You throw a poisoned dart. The poisoned dart hits Grinder.
Grinder is lightly wounded.
Grinder gestures at you.
You suddenly lose the ability to move!
Grinder gestures at you. You resist with significant effort. Grinder hits you.
You die...

#.##### #.#... .# #(...
.# .(.. .# #(. ∆ .# #(#
.# #(# .# ##5## .#
#.########@..#.##. .#
#........[.........
<##########.#.##...####..
...........###....##
###########.# ##### #.#
##


You could see Grinder.

Vanquished Creatures
  3 adders (D:2)
  2 gnolls (D:2)
  An orc (D:3)
  6 bats
  3 endoplasms
  2 giant cockroaches
  5 goblins
  6 hobgoblins
  6 kobolds
  2 quokkas (D:1)
  3 ball pythons (D:2)
  2 frilled lizards
  8 rats
49 creatures vanquished.

Notes
Turn   | Place    | Note
-------+----------+-------------------------------------------
     0 | Abyss:1  | Gargoyl the Gnoll Abyssal Knight began the quest for the
                  | Orb.
     0 | Abyss:1  | Reached XP level 1. HP: 23/23 MP: 3/3
    17 | D:1      | Escaped the Abyss
    73 | D:1      | Reached * piety under Lugonu
   100 | D:1      | Found a faded altar of an unknown god.
   190 | D:1      | Reached XP level 2. HP: 26/29 MP: 5/5
   657 | D:1      | Reached XP level 3. HP: 35/35 MP: 6/6
  1227 | D:2      | Reached skill level 1 in Short Blades
  1227 | D:2      | Reached skill level 1 in Long Blades
  1227 | D:2      | Reached skill level 1 in Maces & Flails
  1227 | D:2      | Reached skill level 1 in Polearms
  1227 | D:2      | Reached skill level 1 in Staves
  1227 | D:2      | Reached skill level 1 in Slings
  1227 | D:2      | Reached skill level 1 in Bows
  1227 | D:2      | Reached skill level 1 in Crossbows
  1227 | D:2      | Reached skill level 1 in Throwing
  1227 | D:2      | Reached skill level 1 in Stealth
  1227 | D:2      | Reached skill level 1 in Shields
  1227 | D:2      | Reached skill level 1 in Unarmed Combat
  1227 | D:2      | Reached skill level 1 in Spellcasting
  1227 | D:2      | Reached skill level 1 in Evocations
  1302 | D:2      | Reached XP level 4. HP: 37/41 MP: 7/7
  1450 | D:2      | Reached ** piety under Lugonu
  1776 | D:2      | Reached skill level 1 in Conjurations
  1776 | D:2      | Reached skill level 1 in Hexes
  1776 | D:2      | Reached skill level 1 in Summonings
  1776 | D:2      | Reached skill level 1 in Necromancy
  1776 | D:2      | Reached skill level 1 in Translocations
  1776 | D:2      | Reached skill level 1 in Transmutations
  1776 | D:2      | Reached skill level 1 in Fire Magic
  1776 | D:2      | Reached skill level 1 in Ice Magic
  1776 | D:2      | Reached skill level 1 in Air Magic
  1776 | D:2      | Reached skill level 1 in Earth Magic
  1776 | D:2      | Reached skill level 1 in Poison Magic
  2127 | D:3      | Noticed Grinder
  2141 | D:3      | Paralysed by Grinder for 5 turns
  2144 | D:3      | HP: 2/41 [Grinder (2)]
  2148 | D:3      | Paralysed by Grinder for 3 turns
  2150 | D:3      | Slain by Grinder

Illustrated notes

Levels and vault maps discovered:
D:1:      dpeg_arrival_pits, layout_basic, ebering_ecumenical_altar_rust
D:2:      layout_basic
D:3:      mumra_celtic_spiral_tile, layout_loops_ring,
          mainiacjoe_overflow_alcove_1, gup_sewer_entry_spiral, uniq_jessica,
          uniq_robin, uniq_grinder

Skill      XL: |  1  2  3  4 |
---------------+-------------+-----
Short Blades   | 1 |  1.2
Long Blades    | 1 |  1.2
Maces & Flails | 1 |  1.2
Polearms       | 1 |  1.2
Staves         | 1 |  1.2
Slings         | 1 |  1.2
Bows           | 1 |  1.2
Crossbows      | 1 |  1.2
Throwing       | 1 |  1.2
Stealth        | 1 |  1.2
Shields        | 1 |  1.2
Unarmed Combat | 1 |  1.2
Spellcasting   | 1 |  1.2
Evocations     | 1 |  1.2
Conjurations   | 1 |  1.0
Hexes          | 1 |  1.0
Summonings     | 1 |  1.0
Necromancy     | 1 |  1.0
Translocations | 1 |  1.0
Transmutations | 1 |  1.0
Fire Magic     | 1 |  1.0
Ice Magic      | 1 |  1.0
Air Magic      | 1 |  1.0
Earth Magic    | 1 |  1.0
Poison Magic   | 1 |  1.0
Fighting       | |  6.6
Axes           | |  4.7
Armour         | |  4.7
Dodging        | |  2.8
Invocations    | |  4.7

Action                   |  1- 3 |  4- 6 || total
-------------------------+-------+-------++-------
Melee: Hand axe          |    90 |    38 ||   128
       Bite              |    12 |     5 ||    17
       Punch             |     1 |     1 ||     2
Throw: Dart              |       |    11 ||    11
Invok: Depart the Abyss  |     1 |       ||     1
  Use: Scroll            |     3 |     1 ||     4
       Potion            |       |     2 ||     2
 Stab: Sleeping          |     5 |     1 ||     6
Armor: Leather armour    |    31 |     5 ||    36
       Chain mail        |       |     2 ||     2
Dodge: Dodged            |    73 |    23 ||    96

Table legend: (Time is in decaauts)
 A = Elapsed time spent in this place.
 B = Non-inter-level travel time spent in this place.
 C = Inter-level travel time spent in this place.
 D = Time resting spent in this place.
 E = Time spent auto-exploring this place.
 F = Levels seen in this place.
 G = Mean time per level.
                   A        B        C        D        E       F      G
               +--------+--------+--------+--------+--------+-----+--------+
         Total |   2157 |   2114 |     43 |    120 |   1537 |   4 |  539.2 |
       Dungeon |   2140 |   2097 |     43 |    120 |   1521 |   3 |  713.3 |
         Abyss |     17 |     17 |      0 |      0 |     16 |   1 |   17.0 |
               +--------+--------+--------+--------+--------+-----+--------+

Top non-repeatable levels by time:
     D:2: 1270 daAuts
     D:1: 799 daAuts
     D:3: 70 daAuts
 Abyss:1: 17 daAuts
